 Dungeon Crawl Stone Soup version 0.21-a0-529-g8c7b3f5 (webtiles) character file.

691 slep the Chopper (level 7, -7/60 HPs)
             Began as a Minotaur Gladiator on Dec 10, 2017.
             Mangled by an orc warrior
             ... wielding a +0 war axe
              (19 damage)
             ... on level 5 of the Dungeon.
             The game lasted 00:11:53 (2645 turns).

slep the Chopper (Minotaur Gladiator)               Turns: 2645, Time: 00:11:54

Health: -7/60      AC: 10    Str: 18    XL:     7   Next: 36%
Magic:  6/6        EV: 12    Int:  7    God:
Gold:   234        SH:  0    Dex: 14    Spells: 4/6 levels left

rFire    . . .     SeeInvis .   a - +0 war axe
rCold    + . .     Gourm    .   (no shield)
rNeg     + . .     Faith    .   C - +0 scale mail {rC+}
rPois    .         Spirit   .   c - +0 hat
rElec    .         Reflect  .   m - +2 cloak {MR+}
rCorr    .         Harm     .   (no gloves)
MR       +....                  (no boots)
Stlth    ..........             (no amulet)
HPRegen  0.20/turn              q - ring of positive energy
MPRegen  0.10/turn              B - +2 ring of intelligence

@: no status effects
A: retaliatory headbutt, horns 2
a: no special abilities


You were on level 5 of the Dungeon.
You were hungry.

You visited 1 branch of the dungeon, and saw 5 of its levels.

You collected 234 gold pieces.

Inventory:

Hand Weapons
 a - a +0 war axe (weapon)
Missiles
 t - 6 javelins (quivered)
Armour
 b - a +0 leather armour
 c - a +0 hat (worn)
 m - a +2 cloak of magic resistance (worn)
 C - a +0 scale mail of cold resistance (worn)
Jewellery
 q - a ring of positive energy (left hand)
 y - an uncursed amulet of harm
 B - a +2 ring of intelligence (right hand)
Wands
 u - a wand of disintegration (13)
Scrolls
 h - 4 scrolls of remove curse {unknown}
 j - a scroll of enchant weapon {unknown}
 l - a scroll of magic mapping {unknown}
 n - 2 scrolls of immolation {unknown}
 o - 2 scrolls of fear {unknown}
 r - a scroll of enchant armour {unknown}
 v - a scroll of identify {unknown}
 z - 2 scrolls of amnesia {unknown}
Potions
 e - a potion of flight
 g - 2 potions of lignification
 i - a potion of cancellation
 p - 2 potions of agility {unknown}
 w - a potion of resistance
 D - a potion of magic {unknown}
 E - a potion of curing
Books
 k - a book of Minor Magic

   Spells                             Type                      Level
   a - Magic Dart                     Conjuration                  1
   b - Blink                          Translocation                2
   c - Call Imp                       Summoning                    2
   d - Slow                           Hexes                        2
   e - Conjure Flame                  Conjuration/Fire             3
   f - Mephitic Cloud                 Conjuration/Poison/Air       3
Comestibles
 f - 5 bread rations
 s - 3 royal jellies
 x - 6 fruits
 A - a meat ration


   Skills:
 + Level 4.5 Fighting
 + Level 7.6 Axes
 + Level 2.1 Throwing
 + Level 3.5 Armour
 + Level 4.8 Dodging
 + Level 1.0 Stealth


You had 4 spell levels left.
You knew the following spells:

 Your Spells              Type           Power        Failure   Level  Hunger
a - Blink                 Tloc           N/A          91%         2    ###....


Dungeon Overview and Level Annotations

Branches:
Dungeon (5/15)
 Temple: D:4-7

Altars:
Fedhas
Hepliaklqana
Kikubaaqudgha
Nemelex Xobeh
Ru
Sif Muna


Innate Abilities, Weirdness & Mutations

You reflexively headbutt those who attack you in melee.
You have a pair of horns on your head.


Message History

The orc warrior is caught in the net!
The worker ant twitches its antennae in your direction.
You slash the orc warrior!
The orc warrior is moderately wounded.
The orc warrior struggles against the net. x2
You hit the orc warrior but do no damage.
You headbutt the orc warrior.
The orc warrior is moderately wounded.
The orc warrior struggles against the net.
You hit the orc warrior.
The orc warrior is moderately wounded.
The orc warrior struggles against the net.
You hit the orc warrior.
The orc warrior is heavily wounded.
The orc warrior struggles against the net.
The net rips apart, and the orc warrior comes free!
You hit the orc warrior but do no damage.
The orc warrior is heavily wounded.
The orc warrior hits you with a war axe!!
You die...

#
#.#.###.#
#.#.....#
.
#.#####.##
..
#........#
...
#.#####.##
♣.. #.#
#.#
♣...♣#.#
#.#
♣..ao)#
#.# #@#
#.#
#.#####.#
#.......#
#.#######
#.# #.#
###


You could see an orc warrior and a worker ant.

Vanquished Creatures
  An ogre (D:5)
  A scorpion (D:4)
  A crimson imp (D:5)
  A hound (D:5)
  5 orc priests
  6 orc wizards (D:4)
  A worker ant (D:4)
  A hound skeleton (D:4)
  5 adders
  A shadow imp (D:5)
  An ooze (D:3)
  3 worms (D:2)
  A dart slug (D:2)
  3 leopard geckos
  6 orcs
  3 ball pythons
  6 bats
  2 giant cockroaches
  6 goblins
  10 hobgoblins
  15 jackals
  2 quokkas
  3 frilled lizards
  5 kobolds
  11 rats
100 creatures vanquished.

Vanquished Creatures (others)
  A plant (D:2)
1 creature vanquished.

Grand Total: 101 creatures vanquished

Notes
Turn   | Place    | Note
-------+----------+-------------------------------------------
     0 | D:1      | slep the Minotaur Gladiator began the quest for the Orb.
     0 | D:1      | Reached XP level 1. HP: 18/18 MP: 0/0
   139 | D:1      | Reached XP level 2. HP: 16/25 MP: 1/1
   206 | D:1      | Reached skill level 4 in Axes
   329 | D:1      | Found a sparkling altar of Nemelex Xobeh.
   581 | D:2      | Reached XP level 3. HP: 20/30 MP: 2/2
   746 | D:2      | Reached skill level 1 in Armour
   834 | D:2      | Reached XP level 4. HP: 23/38 MP: 3/3
   871 | D:2      | Found an ancient bone altar of Kikubaaqudgha.
  1018 | D:2      | Found a sacrificial altar of Ru.
  1230 | D:3      | Learned a level 2 spell: Blink
  1291 | D:3      | Found a deep blue altar of Sif Muna.
  1379 | D:3      | Found a blossoming altar of Fedhas.
  1536 | D:4      | Reached skill level 5 in Axes
  1540 | D:4      | Reached XP level 5. HP: 16/45 MP: 4/4
  1582 | D:4      | Reached skill level 6 in Axes
  1582 | D:4      | Reached XP level 6. HP: 12/51 MP: 5/5
  1987 | D:4      | Found a hazy altar of Hepliaklqana.
  2502 | D:5      | Entered Level 5 of the Dungeon
  2571 | D:5      | Reached skill level 7 in Axes
  2571 | D:5      | Reached XP level 7. HP: 59/59 MP: 6/6
  2626 | D:5      | Reached skill level 1 in Stealth
  2645 | D:5      | Mangled by an orc warrior

Vault maps used:
D:1:      dpeg_arrival_rhombi, nemelex_diamond_rough_becter
D:2:      nicolae_ru_the_path_less_chosen, lemuel_crystal_altar,
          kennysheep_generic_room_12
D:3:      old_standard_altar, nicolae_overflow_crystal_walls
D:4:      lemuel_doored_altar, first_bread, hangedman_glass_teeth, minivault_27
D:5:      lemuel_zombie_altar_yredelemnul, minmay_temple_entry_crystal_x,
          basic_altar, chequers_ossuary_entry_cave, kennysheep_generic_room_2

Skill      XL: |  1  2  3  4  5  6  7 |
---------------+----------------------+-----
Axes           | 4 5 6 7 |  7.6
Dodging        | 4 |  4.8
Armour         | 1 2 3 |  3.5
Fighting       | 3 4 |  4.5
Stealth        | 1 |  1.0
Throwing       | |  2.1

Action                   |  1- 3 |  4- 6 |  7- 9 || total
-------------------------+-------+-------+-------++-------
Melee: War axe           |    82 |   104 |    37 ||   223
       Headbutt          |     6 |    32 |     6 ||    44
Throw: Throwing net      |       |       |     3 ||     3
  Use: Potion            |       |     6 |       ||     6
 Stab: Held in net/web   |       |       |     2 ||     2
  Eat: Chunk             |       |     5 |       ||     5
Armor: Leather armour    |    35 |    40 |       ||    75
       Scale mail        |       |     8 |     7 ||    15
Dodge: Dodged            |    87 |    55 |    17 ||   159

Table legend:
 A = Spawn XP
 B = Non-spawn XP
 C = Spawn XP percentage of total XP
 D = Spawn monster count
 E = Non-spawn monster count
 F = Spawn count percentage of total count
 G = Total turns spent on level
                    A         B        C        D         E        F      G
               +---------+---------+-------+---------+---------+-------+---------
         Total |       0 |     988 |   0.0 |       0 |     100 |   0.0 |  2645
               +---------+---------+-------+---------+---------+-------+---------
           D:1 |       0 |      22 |   0.0 |       0 |      14 |   0.0 |   560
           D:2 |       0 |     103 |   0.0 |       0 |      38 |   0.0 |   543
           D:3 |       0 |      30 |   0.0 |       0 |      16 |   0.0 |   425
           D:4 |       0 |     481 |   0.0 |       0 |      19 |   0.0 |   974
           D:5 |       0 |     352 |   0.0 |       0 |      13 |   0.0 |   143
               +---------+---------+-------+---------+---------+-------+---------
